 Dungeon Crawl Stone Soup version 0.28.0-45-g0d030f2227 (webtiles) character file.

Game seed: 8654511674347314463

584 Bruhh the Chiller (level 7, -3/51 HPs)
             Began as a Gnoll Ice Elementalist on Apr 22, 2022.
             Was a Believer of Jiyva.
             Engulfed by a steam dragon's steam (11 damage)
             ... on level 5 of the Dungeon.
             The game lasted 00:11:10 (4832 turns).

Bruhh the Chiller (Gnoll Ice Elementalist)          Turns: 4832, Time: 00:11:10

Health: -3/51      AC: 10    Str: 13    XL:     7   Next: 37%
Magic:  12/15      EV: 13    Int: 17    God:    Jiyva [**....]
Gold:   178        SH:  0    Dex: 12    Spells: 10/17 levels left

rFire   . . .      SeeInvis .   u - +0 spear
rCold   . . .      Faith    .   (no shield)
rNeg    . . .      Spirit   .   a - +1 robe
rPois   .          Reflect  .   (no helmet)
rElec   .          Harm     .   s - scarf {shadows}
rCorr   +          Rampage  .   (no gloves)
Will    .....                   (no boots)
Stlth   +++.......              k - amulet of magic regeneration
HPRegen 1.13/turn               h - +6 ring of strength
MPRegen 0.84/turn               (no ring)

@: ice-armoured, freezing walls
A: fangs 1, strong nose, distributed training
a: Renounce Religion


You were on level 5 of the Dungeon.
You worshipped Jiyva.
Jiyva was pleased with you.
You visited 1 branch of the dungeon, and saw 5 of its levels.
You also visited: Sewer.

You collected 178 gold pieces.

Inventory:

Hand Weapons
 u - a +0 spear (weapon)
Missiles
 f - 72 stones
 g - 4 poisoned darts
 l - a throwing net
Armour
 a - a +1 robe (worn)
 s - a scarf of shadows (worn)
Jewellery
 h - a +6 ring of strength (left hand)
 k - an amulet of magic regeneration (around neck)
Wands
 m - a wand of flame (26)
Scrolls
 c - 4 scrolls of identify
 e - a scroll of torment
 i - a scroll of amnesia {unknown}
 j - a scroll of enchant armour
Potions
 d - 2 potions of attraction {unknown}
 n - 2 potions of heal wounds {unknown}
 o - 2 potions of invisibility {unknown}
 p - 2 potions of magic {unknown}
 q - a potion of cancellation {unknown}
 r - a potion of curing {unknown}
 t - a potion of brilliance {unknown}


   Skills:
 + Level 2.4 Fighting
 + Level 2.4 Short Blades
 + Level 2.4 Long Blades
 + Level 2.4 Axes
 + Level 2.4 Maces & Flails
 + Level 2.4 Polearms
 + Level 2.4 Staves
 + Level 2.4 Slings
 + Level 2.4 Bows
 + Level 2.4 Crossbows
 + Level 2.4 Throwing
 + Level 2.4 Armour
 + Level 5.2 Dodging
 + Level 4.9 Stealth
 + Level 2.4 Shields
 + Level 2.4 Unarmed Combat
 + Level 5.6 Spellcasting
 + Level 2.0 Conjurations
 + Level 2.0 Hexes
 + Level 2.0 Summonings
 + Level 2.0 Necromancy
 + Level 2.0 Translocations
 + Level 2.0 Transmutations
 + Level 2.0 Fire Magic
 + Level 7.4 Ice Magic
 + Level 2.0 Air Magic
 + Level 2.0 Earth Magic
 + Level 2.0 Poison Magic
 + Level 2.7 Invocations
 + Level 2.4 Evocations


You had 10 spell levels left.
You knew the following spells:

 Your Spells              Type           Power      Damage    Failure   Level
a - Freeze                Ice            100%       1d11      1%          1
b - Frozen Ramparts       Ice            60%        1d8       1%          3
c - Ozocubu's Armour      Ice            30%        N/A       1%          3

Your spell library contained the following spells:

 Spells                   Type           Power      Damage    Failure   Level
 Blink                    Tloc           22%        N/A       9%          2
 Lesser Beckoning         Tloc           11%        N/A       17%         3
 Hailstorm                Conj/Ice       20%        3d6       19%         4
 Manifold Assault         Tloc           11%        N/A       85%         5


Dungeon Overview and Level Annotations

Branches:
Dungeon (5/15)              Sewer (visited)
 Temple: D:4-7

Altars:

Shops:
D:3 !!

Annotations:
D:5 1 transporter, zorge82's ghost, novice HOFi


Innate Abilities, Weirdness & Mutations

You have very sharp teeth.
Your uncanny sense of smell can sniff out nearby items.
Your experience applies equally to all skills.


Message History

The phantom hits you!
The phantom blinks!
You blink.
The steam dragon breathes steam at you. The ball of steam misses you.
You are engulfed in a cloud of scalding steam.
Casting: Ozocubu's Armour (safe; 1% risk of failure)
Confirm with . or Enter, or press ? or * to list all spells.
Casting: Frozen Ramparts (safe; 1% risk of failure)
Press: ? - help, Dir - look around, f - activate
There is a cloud of steam here.
The walls around you are covered in ice.
You are engulfed in a cloud of scalding steam.
The phantom misses you.
Casting: Frozen Ramparts (safe; 1% risk of failure)
Confirm with . or Enter, or press ? or * to list all spells.
A film of ice covers your body!
You are engulfed in a cloud of scalding steam.
The phantom is engulfed in a cloud of scalding steam.
The phantom hits you but does no damage.
The heat melts your icy armour.
As you read the scroll labelled CYRU ADU ESE, it crumbles to dust.
It is a scroll of identify.
e - a scroll of torment You are engulfed in a cloud of scalding steam.
The phantom is engulfed in a cloud of scalding steam.
The phantom completely misses you. The heat melts your icy armour.
As you read the scroll labelled JUCHOMEFFA, it crumbles to dust.
You hear a loud clanging noise!
It was a scroll of noise.
You hear a shout! x2
The steam dragon breathes steam at you. The ball of steam hits you!
* * * LOW HITPOINT WARNING * * *
The phantom hits you but does no damage.
The heat melts your icy armour.
As you read the scroll labelled VEIRIU AKEMNO, it crumbles to dust.
It is a scroll of enchant armour.
Your +0 robe glows green for a moment.
You are engulfed in a cloud of scalding steam.
You die...

#.#.#..#.#..#.#....#....
#.#.#..#.#..#.#....#.###
#####.# #. .#
..#......... #...#.#
#####..... #...'.#######
#..... #...#.......#
#..... #.Z.#.......#
#..... #####.Z..DW.#
#..... #.....ยง@# #.....
######### ######


You could see a steam dragon (catching breath), a phantom and an adder skeleton.

Vanquished Creatures
  An ogre (D:3)
  A water moccasin skeleton (D:4)
  2 jellies (Sewer)
  A gnoll shaman (D:5)
  An iguana (D:4)
  Terence (D:3)
  A hound skeleton (D:4)
  Robin (D:2)
  4 adders
  7 gnolls
  3 river rats
  A worm (D:3)
  5 dart slugs
  3 orcs
  9 ball pythons
  7 bats
  10 endoplasms
  5 giant cockroaches
  27 goblins
  9 hobgoblins
  8 jackals
  7 kobolds
  4 quokkas
  2 frilled lizards
  11 rats
131 creatures vanquished.

Vanquished Creatures (others)
  10 jellies
  A bullfrog zombie (D:5)
  A bullfrog skeleton (D:5)
  A gnoll (D:5)
  An ufetubus (D:5)
  An adder skeleton (D:4)
  An orc (D:5)
  2 bats (D:3)
  An endoplasm (D:3)
  A goblin (D:3)
  A hobgoblin (D:3)
  4 jackals (D:3)
  2 quokkas (D:3)
  A kobold (D:3)
28 creatures vanquished.

Grand Total: 159 creatures vanquished

Notes
Turn   | Place    | Note
-------+----------+-------------------------------------------
     0 | D:1      | Bruhh the Gnoll Ice Elementalist began the quest for the
                  | Orb.
     0 | D:1      | Reached XP level 1. HP: 13/13 MP: 6/6
    40 | D:1      | Found a faded altar of an unknown god.
    77 | D:1      | Reached XP level 2. HP: 11/19 MP: 1/7
   458 | D:1      | Reached XP level 3. HP: 22/25 MP: 1/9
   459 | D:1      | Reached skill level 5 in Spellcasting
   761 | D:1      | Learned a level 3 spell: Frozen Ramparts
   765 | D:1      | Learned a level 3 spell: Ozocubu's Armour
  1110 | D:2      | Reached skill level 1 in Invocations
  1167 | D:2      | Reached skill level 1 in Fighting
  1167 | D:2      | Reached skill level 1 in Short Blades
  1167 | D:2      | Reached skill level 1 in Long Blades
  1167 | D:2      | Reached skill level 1 in Axes
  1167 | D:2      | Reached skill level 1 in Maces & Flails
  1167 | D:2      | Reached skill level 1 in Polearms
  1167 | D:2      | Reached skill level 1 in Staves
  1167 | D:2      | Reached skill level 1 in Slings
  1167 | D:2      | Reached skill level 1 in Bows
  1167 | D:2      | Reached skill level 1 in Crossbows
  1167 | D:2      | Reached skill level 1 in Throwing
  1167 | D:2      | Reached skill level 1 in Armour
  1167 | D:2      | Reached skill level 1 in Shields
  1167 | D:2      | Reached skill level 1 in Unarmed Combat
  1167 | D:2      | Reached skill level 1 in Evocations
  1293 | D:2      | Reached XP level 4. HP: 31/32 MP: 9/11
  1554 | D:2      | Noticed Robin
  1926 | D:2      | Killed Robin
  1927 | D:2      | Reached skill level 1 in Conjurations
  1927 | D:2      | Reached skill level 1 in Hexes
  1927 | D:2      | Reached skill level 1 in Summonings
  1927 | D:2      | Reached skill level 1 in Necromancy
  1927 | D:2      | Reached skill level 1 in Translocations
  1927 | D:2      | Reached skill level 1 in Transmutations
  1927 | D:2      | Reached skill level 1 in Fire Magic
  1927 | D:2      | Reached skill level 1 in Air Magic
  1927 | D:2      | Reached skill level 1 in Earth Magic
  1927 | D:2      | Reached skill level 1 in Poison Magic
  2400 | D:3      | Reached XP level 5. HP: 37/37 MP: 6/12
  2520 | D:3      | Found a glowing drain.
  2548 | Sewer    | Entered a sewer
  2759 | Sewer    | Reached XP level 6. HP: 22/44 MP: 11/13
  2944 | Sewer    | Found a viscous altar of Jiyva.
  2961 | Sewer    | Became a worshipper of Jiyva Joff the Shapeless
  3169 | D:3      | HP: 2/44 [ogre/+0 giant spiked club (15)]
  3171 | D:3      | Reached skill level 5 in Dodging
  3554 | D:3      | Noticed Terence
  3559 | D:3      | Killed Terence
  3689 | D:3      | Found Nivotid's Distillery.
  3762 | D:3      | Found Salay's Distillery.
  4122 | D:4      | Reached XP level 7. HP: 16/50 MP: 15/15
  4128 | D:4      | Reached * piety under Jiyva
  4559 | D:5      | Entered Level 5 of the Dungeon
  4745 | D:5      | Reached ** piety under Jiyva
  4776 | D:5      | Noticed zorge82's ghost (novice HOFi)
  4777 | D:5      | Found a transporter.
  4777 | D:5      | Identified the +10 dire flail "Pozeu" {vorpal, rElec rF+
                  | Will+ Int-5}
  4821 | D:5      | Noticed a steam dragon
  4832 | D:5      | Engulfed by a steam dragon's steam

Illustrated notes

Levels and vault maps discovered:
D:1:      psy_arrival_dodecagon, layout_basic, hellmonk_ecumenical_altar_zigzags
D:2:      layout_rooms, minmay_tromino_v4_a, uniq_robin
D:3:      layout_loops_ring, portal_sewer_entry_b, serial_shops, shop,
          nicolae_shop_window_shopping, grunt_ministairs_14,
          minmay_ogre_servants, uniq_terence
D:4:      layout_rooms, uniq_crazy_yiuf_cottage
D:5:      layout_gridville, gammafunk_ghost_smash

Skill      XL: |  1  2  3  4  5  6  7 |
---------------+----------------------+-----
Spellcasting   | 5 |  5.6
Invocations    | 1 2 |  2.7
Fighting       | 1 2 |  2.4
Short Blades   | 1 2 |  2.4
Long Blades    | 1 2 |  2.4
Axes           | 1 2 |  2.4
Maces & Flails | 1 2 |  2.4
Polearms       | 1 2 |  2.4
Staves         | 1 2 |  2.4
Slings         | 1 2 |  2.4
Bows           | 1 2 |  2.4
Crossbows      | 1 2 |  2.4
Throwing       | 1 2 |  2.4
Armour         | 1 2 |  2.4
Shields        | 1 2 |  2.4
Unarmed Combat | 1 2 |  2.4
Evocations     | 1 2 |  2.4
Conjurations   | 1 2 |  2.0
Hexes          | 1 2 |  2.0
Summonings     | 1 2 |  2.0
Necromancy     | 1 2 |  2.0
Translocations | 1 2 |  2.0
Transmutations | 1 2 |  2.0
Fire Magic     | 1 2 |  2.0
Air Magic      | 1 2 |  2.0
Earth Magic    | 1 2 |  2.0
Poison Magic   | 1 2 |  2.0
Dodging        | 5 |  5.2
Stealth        | |  4.9
Ice Magic      | |  7.4

Action                   |  1- 3 |  4- 6 |  7- 9 || total
-------------------------+-------+-------+-------++-------
Melee: Unarmed           |    44 |    27 |    30 ||   101
       Bite              |     7 |     5 |     6 ||    18
       Spear             |       |       |    17 ||    17
 Cast: Freeze            |    47 |   103 |    21 ||   171
       Frozen Ramparts   |     1 |     4 |     4 ||     9
       Ozocubu's Armour  |       |     4 |     3 ||     7
  Use: Scroll            |       |       |     3 ||     3
 Stab: Sleeping          |     1 |       |     1 ||     2
Armor: Robe              |    28 |    20 |    18 ||    66
Dodge: Dodged            |    86 |    67 |    70 ||   223
